 Dungeon Crawl Stone Soup version 0.29.1-2-gbd0b4ee654 (webtiles) character file.

Game seed: 17545354936572158425

2536 safid the Skirmisher (level 9, 0/81 HPs)
             Began as a Minotaur Hunter on Nov 21, 2022.
             Was an Initiate of Okawaru.
             Engulfed by a steam dragon's steam (3 damage)
             ... on level 8 of the Dungeon.
             The game lasted 00:12:54 (8771 turns).

safid the Skirmisher (Minotaur Hunter)              Turns: 8771, Time: 00:12:54

Health: 0/81       AC:  6    Str: 17      XL:     9   Next: 30%
Magic:  0/8        EV: 10    Int:  4 (6)  God:    Okawaru [......]
Gold:   479        SH:  0    Dex: 14 (17) Spells: 8/8 levels left

rFire   . . .      SeeInvis .   a - +0 shortbow
rCold   . . .      Faith    .   (shield currently unavailable)
rNeg    + . .      Spirit   +   l - +0 scale mail
rPois   .          Reflect  .   (helmet restricted)
rElec   .          Harm     .   (no cloak)
rCorr   .          Rampage  .   (no gloves)
Will    .....                   (no boots)
Stlth   ..........              x - amulet of guardian spirit
HPRegen 0.23/turn               u - ring of positive energy
MPRegen 0.11/turn               (no ring)

@: no status effects
A: horns 2, retaliatory headbutt
a: Renounce Religion


You were on level 8 of the Dungeon.
You worshipped Okawaru.
Okawaru was noncommittal.
You visited 2 branches of the dungeon, and saw 9 of its levels.
You also visited: Sewer.

You collected 479 gold pieces.

Inventory:

Hand Weapons
 a - a +0 shortbow (weapon)
Armour
 l - a +0 scale mail (worn)
Jewellery
 u - a ring of positive energy (left hand)
 x - an amulet of guardian spirit (around neck)
Wands
 y - a wand of digging (7)
 C - a wand of polymorph (9)
 D - a wand of roots (21)
Scrolls
 b - a scroll of vulnerability {unknown}
 c - 7 scrolls of enchant weapon {unknown}
 e - 3 scrolls of teleportation
 f - 4 scrolls of butterflies {unknown}
 h - 5 scrolls of identify {unknown}
 i - 3 scrolls of blinking {unknown}
 m - a scroll of torment {unknown}
 n - 4 scrolls of fear {unknown}
 o - 2 scrolls of amnesia {unknown}
 p - 3 scrolls of brand weapon {unknown}
 r - 3 scrolls of magic mapping {unknown}
 z - a scroll of summoning {unknown}
 B - a scroll of silence {unknown}
 F - a scroll of noise {unknown}
 G - a scroll of poison {unknown}
 H - a scroll of enchant armour {unknown}
Potions
 d - a potion of brilliance {unknown}
 g - a potion of magic
 j - 5 potions of curing
 k - 2 potions of might
 q - a potion of berserk rage {unknown}
 s - a potion of lignification {unknown}
 t - a potion of cancellation {unknown}
 v - a potion of heal wounds {unknown}
 w - a potion of flight
 A - a potion of degeneration
 E - a potion of invisibility {unknown}


   Skills:
 - Level 8.0 Fighting
 + Level 12.6 Ranged Weapons
 - Level 2.1 Dodging
 - Level 0.7 Stealth


You had 8 spell levels left.
You didn't know any spells.
Your spell library contained the following spells:

 Spells                   Type           Power      Damage    Failure   Level
 Ignite Poison            Fire/Tmut/Pois 0%         N/A       99%         3
 Mephitic Cloud           Conj/Pois/Air  0%         N/A       99%         3
 Freezing Cloud           Conj/Ice/Air   0%         6-21      100%        5
 Summon Small Mammal      Summ           Unusable   N/A       N/A         1
 Call Canine Familiar     Summ           Unusable   N/A       N/A         3
 Summon Guardian Golem    Hex/Summ       Unusable   N/A       N/A         3

Dungeon Overview and Level Annotations

Branches:
Dungeon (8/15)             Temple (1/1) D:5           Sewer (visited)
   Lair: D:8-11

Altars:
Ashenzari
Cheibriados
Dithmenos
Elyvilon
Gozag
Makhleb
Nemelex Xobeh
Okawaru
Qazlal
Ru
Sif Muna
Trog
Uskayaw
Vehumet
Wu Jian
Xom
Zin


Innate Abilities, Weirdness & Mutations

You have a pair of horns on your head.
You reflexively headbutt those who attack you in melee.


Message History

Unknown command.
Fire: a) +0 shortbow
Press: ? - help, Q - select action, (/) - cycle Shift-Dir - straight line, f/p - steam dragon
Aim: a steam dragon (steam, heavily wounded, catching its breath, 69% to hit)
You shoot an arrow. The arrow hits the steam dragon!
The steam dragon is severely wounded.
The steam dragon closely misses you. You furiously retaliate!
You headbutt the steam dragon, but do no damage.
The steam dragon completely misses you.
Fire: a) +0 shortbow
Press: ? - help, Q - select action, (/) - cycle Shift-Dir - straight line, f/p - steam dragon
Aim: a steam dragon (severely wounded, 69% to hit)
You shoot an arrow.
The arrow hits the steam dragon but does no damage.
The steam dragon is severely wounded.
The steam dragon bites you.
* * * LOW HITPOINT WARNING * * *
The steam dragon closely misses you.
Unknown command.
Fire: a) +0 shortbow
Press: ? - help, Q - select action, (/) - cycle Shift-Dir - straight line, f/p - steam dragon
Aim: a steam dragon (severely wounded, 69% to hit)
You shoot an arrow.
The arrow closely misses the steam dragon.
The steam dragon breathes steam at you. The ball of steam hits you!
* * * LOW HITPOINT WARNING * * *
The steam dragon bites you but does no damage.
The steam dragon closely misses you.
The steam dragon attacks as you move away!
The steam dragon bites you!
* * * LOW HITPOINT WARNING * * *
The steam dragon claws you but does no damage.
You are engulfed in a cloud of scalding steam.
The steam dragon attacks as you move away!
The steam dragon bites you.
* * * LOW HITPOINT WARNING * * *
The steam dragon claws you but does no damage.
You are engulfed in a cloud of scalding steam.
You die...

..# +...+ #...# ...
##.# ### ####
#..######.###..#
######..............#
#..D§@§.§....#.###..#
#.####.......#.#.)..#
#.# #..######.#.#.##
#.# #..# #.#.#)#
........# #..#
#.#.#.# #.#######
#..# #.#.#.# ....
#.#.#.# ##... ..#.#<#
#.### #.#.#


You could see a steam dragon.

Vanquished Creatures
  A troll (D:7)
  Grinder (D:3)
  Duvessa (D:6)
  An ice beast (D:6)
  A sky beast (D:6)
  An ogre (D:5)
  A centaur (D:7)
  A phantom (D:5)
  4 scorpions
  2 bullfrogs (D:7)
  5 necrophages
  Dowan (D:6)
  4 killer bees
  A howler monkey (D:6)
  3 hounds
  2 jellies
  3 orc priests
  An iguana (D:5)
  6 orc wizards
  A hell rat (Sewer)
  Terence (D:2)
  A mummy (D:4)
  A gnoll (D:5)
  5 adders
  A river rat (Sewer)
  A shadow imp (D:3)
  A white imp (D:5)
  An ufetubus (D:6)
  4 dart slugs
  19 orcs
  5 bats
  4 endoplasms
  4 giant cockroaches
  6 hobgoblins
  4 jackals
  5 quokkas
  6 ball pythons
  3 frilled lizards
  10 goblins
  8 kobolds
  10 rats
141 creatures vanquished.

Vanquished Creatures (others)
  An angel (D:7)
  An orc wizard (D:3)
  An orc (D:8)
3 creatures vanquished.

Grand Total: 144 creatures vanquished

Notes
Turn   | Place    | Note
-------+----------+-------------------------------------------
     0 | D:1      | safid the Minotaur Hunter began the quest for the Orb.
     0 | D:1      | Reached XP level 1. HP: 18/18 MP: 0/0
   115 | D:1      | Reached XP level 2. HP: 26/26 MP: 1/1
   346 | D:1      | Found a faded altar of an unknown god.
   500 | D:1      | Reached skill level 5 in Ranged Weapons
   500 | D:1      | Reached XP level 3. HP: 31/31 MP: 2/2
  1147 | D:2      | Noticed Terence
  1154 | D:2      | Killed Terence
  1155 | D:2      | Reached XP level 4. HP: 35/40 MP: 3/3
  2239 | D:3      | Reached XP level 5. HP: 27/47 MP: 4/4
  2258 | D:3      | Reached skill level 5 in Fighting
  2258 | D:3      | Reached skill level 6 in Ranged Weapons
  2670 | D:3      | Noticed Grinder
  2679 | D:3      | Killed Grinder
  2680 | D:3      | Reached XP level 6. HP: 39/57 MP: 5/5
  3289 | D:4      | Found an ornate altar of the Wu Jian Council.
  3384 | D:4      | Reached skill level 7 in Ranged Weapons
  3451 | D:4      | Reached XP level 7. HP: 58/64 MP: 6/6
  3555 | D:4      | Found a snail-covered altar of Cheibriados.
  3868 | D:4      | Found a shimmering blue altar of Sif Muna.
  4154 | D:5      | Entered Level 5 of the Dungeon
  4157 | D:5      | Found a staircase to the Ecumenical Temple.
  4168 | Temple   | Entered the Ecumenical Temple
  4212 | D:5      | Found a glowing drain.
  4228 | Sewer    | Entered a sewer
  4338 | D:5      | Reached skill level 8 in Ranged Weapons
  5018 | D:5      | Reached XP level 8. HP: 59/74 MP: 4/7
  5197 | D:5      | Reached skill level 9 in Ranged Weapons
  5952 | D:6      | Reached skill level 10 in Ranged Weapons
  6321 | D:6      | Noticed Duvessa
  6346 | D:6      | Killed Duvessa
  6348 | D:6      | Noticed Dowan
  6355 | D:6      | Killed Dowan
  6781 | D:6      | Reached skill level 11 in Ranged Weapons
  7155 | D:7      | Reached XP level 9. HP: 58/81 MP: 6/8
  7283 | D:7      | Found a broken altar of Ashenzari.
  7532 | D:7      | Reached skill level 12 in Ranged Weapons
  7645 | D:7      | Killed an angel
  8111 | D:7      | Found a glowing silver altar of Zin.
  8111 | D:7      | Found a shimmering altar of Xom.
  8134 | D:7      | Found a sacrificial altar of Ru.
  8137 | D:7      | Found an iron altar of Okawaru.
  8138 | D:7      | Found a hide-covered altar of Uskayaw.
  8167 | D:7      | Became a worshipper of Warmaster Okawaru
  8205 | D:7      | Found a white marble altar of Elyvilon.
  8246 | D:7      | Noticed a troll
  8626 | D:7      | Killed a troll
  8771 | D:8      | HP: 3/81 [steam dragon (4)]
  8771 | D:8      | Engulfed by a steam dragon's steam

Illustrated notes

Levels and vault maps discovered:
D:1:      lightli_arrival_quake, layout_basic,
          dreamdust_ecumenical_altar_statues
D:2:      layout_basic, uniq_terence
D:3:      layout_loops_corners, uniq_grinder
D:4:      layout_rooms, chei_slow_surprise, general_overflow_altar,
          kennysheep_mini_moat
D:5:      layout_basic, minmay_temple_entry_trees, portal_sewer_entry_a,
          grunt_ministairs_7, minmay_fractal_squares_gapless_5
D:6:      hellmonk_crumbling_castle, layout_basic, uniq_duvessa
D:7:      layout_cave_pools, grunt_temple_overflow_order_and_chaos_1,
          nicolae_ashenzari_skybound, mainiacjoe_overflow_six_doors_small,
          gammafunk_temple_overflow_forgotten
D:8:      layout_loops_ring, grunt_temple_overflow_holy_war,
          lemuel_zombie_altar_kikubaaqudgha, st_stairs_14
Temple:   hellmonk_temple_of_storms

Skill      XL: |  1  2  3  4  5  6  7  8  9 |
---------------+----------------------------+-----
Fighting       | 3 4 6 8 |  8.0
Ranged Weapons | 5 6 7 8 11 12 | 12.6
Dodging        | |  2.1
Stealth        | |  0.7

Action                   |  1- 3 |  4- 6 |  7- 9 || total
-------------------------+-------+-------+-------++-------
Melee: Shortbow          |       |     1 |       ||     1
 Fire: Shortbow          |    88 |   161 |   365 ||   614
  Use: Potion            |       |       |     4 ||     4
       Scroll            |       |       |     2 ||     2
Armor: Leather armour    |     6 |       |       ||     6
       Scale mail        |       |    63 |   106 ||   169
Dodge: Dodged            |    15 |    46 |   136 ||   197
